Map: 失而复得-天梯版

Players

IIIIIIIIIIII - Winner!

  • Race: Terran Terran
  • League: Master
  • Spawn Location: 7:00

llllllllllll

  • Race: Protoss Protoss
  • League: Grandmaster
  • Spawn Location: 1:00

VOD

Have the link to the VOD?

Description

Time

  • Played on: July 7, 2018, 8:40 a.m.
  • Length: 19:48
Show
View Real Time Build Order
Export as new Build Order

IIIIIIIIIIII Terran - Winner!

Build Orders: Reaper Expand, MMM Bio 

Get SALT Encoding   

  12  0:00  SCV  
  13  0:12  SCV  
  14  0:17  Supply Depot  
  14  0:24  SCV  
  15  0:38  SCV  
  15  0:39  Barracks  
  16  0:44  Refinery  
  16  0:50  SCV  
  17  1:02  SCV  
  18  1:14  SCV  
  19  1:26  Reaper  
  19  1:27  Orbital Command  
  20  1:39  Command Center  
  20  1:48  Supply Depot  
  20  1:52  SCV  
  21  1:58  Marine  
  22  2:04  SCV  
  23  2:09  Factory  
  23  2:15  Refinery  
  23  2:16  SCV  
  23  2:22  Barracks Reactor  
  24  2:28  SCV  
  25  2:40  SCV  
  25  2:43  Barracks  
  26  2:52  SCV  
  26  2:53  Widow Mine  
  26  2:54  Orbital Command  
  26  2:58  Marine x2  
  29  3:04  SCV  
  32  3:14  Widow Mine  
  32  3:16  Marine x2  
  36  3:25  SCV x2  
  38  3:32  Barracks Tech Lab, Bunker  
  38  3:34  Engineering Bay  
  38  3:35  Marine x2  
  38  3:37  SCV  
  38  3:40  SCV  
  42  3:47  Supply Depot  
  42  3:49  SCV  
  42  3:50  Stimpack  
  42  3:51  Barracks, Factory Tech Lab  
  42  3:52  Marine  
  42  3:53  Marine  
  42  3:55  SCV  
  46  4:00  Terran Infantry Weapons Level 1  
  46  4:08  SCV x2  
  46  4:09  Missile Turret  
  48  4:11  Supply Depot  
  48  4:20  SCV  
  48  4:21  SCV  
  48  4:22  Starport  
  50  4:27  Factory Reactor, Marine x2  
  50  4:28  Marine  
  50  4:30  Supply Depot  
  53  4:35  SCV x2  
  55  4:39  Refinery  
  55  4:44  Supply Depot  
  54  4:46  Combat Shield  
  54  4:47  SCV x2  
  54  4:51  Marauder  
  54  4:52  Marauder, Marine  
  61  4:53  Marine  
  61  4:59  SCV x2  
  62  5:09  Supply Depot  
  62  5:11  SCV x2, Medivac x2  
  68  5:24  Missile Turret  
  68  5:25  Marauder x2, Marine x2  
  74  5:30  SCV x2  
  74  5:32  Supply Depot  
  76  5:43  Factory Reactor  
  76  5:48  Command Center  
  76  5:51  Concussive Shells  
  76  5:52  SCV  
  76  5:53  SCV  
  78  6:00  Marauder x2, Marine x2  
  84  6:06  Terran Infantry Armor Level 1  
  84  6:07  Refinery  
  84  6:08  SCV x2  
  86  6:16  Barracks  
  86  6:18  Barracks, Marine x2  
  88  6:21  Marauder x2  
  92  6:26  Supply Depot  
  92  6:28  Supply Depot  
  92  6:32  SCV x2  
  94  6:47  Supply Depot  
  94  6:48  Marauder x2, SCV x2, Medivac  
  94  6:49  Marine x2, Medivac  
  105  6:58  Supply Depot  
  105  7:00  SCV x2  
  105  7:01  Orbital Command  
  105  7:07  Barracks Tech Lab  
  105  7:08  Marine x2, Barracks Reactor  
  105  7:09  Marauder x2  
  105  7:12  SCV  
  105  7:15  Supply Depot  
  101  7:19  Widow Mine x2  
  96  7:25  Medivac x2  
  96  7:26  Marine x2  
  96  7:29  Armory  
  102  7:30  Engineering Bay  
  102  7:31  Marauder x2  
  102  7:32  Orbital Command  
  102  7:35  Ghost Academy  
  106  7:47  Missile Turret  
  106  7:53  Marauder x2, Marine  
  106  7:54  Marauder, Marine x3  
  106  7:57  SCV  
  106  7:58  Missile Turret, SCV  
  119  8:10  SCV x2  
  119  8:11  Marine  
  121  8:14  Refinery  
  121  8:15  Refinery  
  121  8:18  Terran Infantry Armor Level 2, Terran Infantry Weapons Level 2  
  121  8:22  SCV  
  121  8:29  SCV x2  
  121  8:30  Supply Depot  
  121  8:31  Marine x2  
  121  8:32  Marine x2  
  133  8:35  SCV  
  133  8:37  Supply Depot  
  134  8:41  SCV, Viking  
  134  8:42  Viking  
  139  8:51  Marine x2  
  139  8:52  Marine x2  
  145  8:59  Marauder, Unknown x3, Supply Depot  
  148  9:04  Marauder x2  
  148  9:08  Marine x2  
  148  9:09  Marine  
  151  9:11  Viking  
  151  9:12  Marine, Viking  
  157  9:17  Supply Depot  
  157  9:21  Marauder  
  159  9:25  Marauder, Marine  
  158  9:38  Marine x3  
  158  9:39  Marine  
  158  9:42  Marauder  
  158  9:43  Marauder  
  158  9:45  Viking x2  
  170  9:46  Marauder  
  170  9:48  Supply Depot  
  172  9:56  Marine x2  
  172  9:57  Command Center  
  174  10:04  Marauder x2  
  174  10:05  Marine x2  
  180  10:10  Marauder  
  175  10:15  Viking x2  
  175  10:19  Marine x2  
  170  10:23  Marine  
  170  10:24  Marine  
  170  10:25  Marauder  
  170  10:26  Marauder  
  170  10:27  SCV  
  169  10:31  Marauder  
  166  10:37  Terran Infantry Weapons Level 3, Marine  
  166  10:38  Terran Infantry Armor Level 3  
  166  10:45  Marine x2  
  166  10:46  Marauder, Marine  
  166  10:47  Marauder  
  173  10:53  Marauder  
  175  10:58  Missile Turret, SCV x3  
  175  11:01  Sensor Tower  
  175  11:02  Marine  
  175  11:03  Marine x2  
  181  11:06  Personal Cloaking  
  181  11:08  Marauder  
  181  11:09  Marauder  
  185  11:15  Planetary Fortress  
  182  11:27  Marine  
  182  11:28  Marauder, Marine x2  
  182  11:29  Marauder  
  184  11:32  Marine  
  184  11:33  Marauder  
  184  11:38  SCV x3  
  172  11:45  Marine x3  
  174  11:49  Marauder  
  174  11:50  SCV x3, Marine x2  
  175  11:54  Marauder  
  171  12:03  Marine x3  
  171  12:06  Barracks  
  171  12:07  Barracks  
  171  12:08  Marauder, Marine  
  176  12:17  Marauder  
  176  12:27  Marine x2  
  178  12:30  Marauder  
  178  12:32  Marine  
  174  12:38  Marauder, Medivac x2  
  174  12:39  Marauder, Unknown  
  181  12:47  Marine x3  
  181  12:51  Marauder  
  175  12:59  Marauder  
  175  13:00  Marauder  
  175  13:04  SCV x2  
  175  13:05  SCV  
  179  13:06  Marine x3  
  179  13:08  Medivac  
  179  13:10  Medivac  
  188  13:13  Marauder  
  188  13:19  Terran Ship Weapons Level 1  
  188  13:20  Barracks Tech Lab  
  188  13:21  Marauder, Barracks Tech Lab  
  188  13:22  Marauder  
  187  13:34  Marauder  
  191  13:46  Marine x2  
  199  13:57  Marine  
  200  14:08  Unknown x2  
  200  14:10  Unknown  
  200  14:11  Unknown  
  200  14:13  Command Center  
  200  14:23  Unknown  
  198  14:34  Barracks  
  198  14:36  Barracks  
  183  15:00  Viking x2  
  183  15:01  Refinery  
  183  15:05  Refinery  
  193  15:15  Terran Ship Weapons Level 2  
  193  15:22  Starport  
  193  15:32  Unknown x3  
  199  15:41  Barracks Reactor  
  199  15:42  Barracks Tech Lab  
  199  15:54  Planetary Fortress  
  199  16:01  Unknown x3  
  199  16:03  Viking  
  199  16:12  Ghost Academy  
  199  16:13  Ghost Academy  
  195  16:24  Marine x2  
  195  16:25  Marine x2  
  166  16:37  Viking x2  
  141  16:42  Marine x4  
  141  16:45  Barracks Tech Lab  
  131  16:52  Unknown x5, Marine x3  
  138  17:00  Marine x4  
  142  17:03  Nuke x3  
  142  17:04  Viking x2, Command Center  
  146  17:10  Refinery x2, Marine  
  146  17:11  Marauder  
  151  17:18  Marine x2  
  151  17:20  Unknown  
  151  17:21  Marauder, Unknown  
  154  17:31  Marauder  
  154  17:32  Marauder x2, Marine x2  
  154  17:34  Marauder  
  154  17:36  Marine x2  
  164  17:38  Unknown  
  164  17:39  Marauder  
  163  17:52  SCV  
  163  18:00  Marauder x4, Marine x2  
  163  18:01  SCV x2  
  163  18:02  SCV  
  163  18:04  Missile Turret, SCV  
  177  18:12  Marauder, Marine x3  
  181  18:21  Marauder  
  181  18:24  Marauder, Marine  
  181  18:25  Marine  
  178  18:38  Marauder  
  178  18:41  Missile Turret, SCV  
  175  18:42  SCV  
  175  18:44  SCV  
  175  18:46  Marauder x2  
  175  18:48  Marine  
  182  18:53  SCV  
  182  18:54  SCV  
  183  18:56  SCV  
  183  19:01  Marauder x4  
  186  19:15  Marauder x2  
  192  19:17  Marauder, Marine x2  
  192  19:22  Marauder  
  184  19:24  Marine  
  184  19:25  Marauder x2, Marine  
  184  19:32  SCV x2  
Show
View Real Time Build Order
Export as new Build Order

llllllllllll Protoss 

Build Orders: 1 Gate Expand, Blink Stalkers, Dark Templar Rush 

Get SALT Encoding   

  12  0:01  Probe  
  13  0:14  Probe  
  14  0:17  Pylon  
  14  0:25  Probe  
  15  0:33  Probe  
  15  0:36  Gateway  
  15  0:41  Probe  
  16  0:46  Assimilator  
  17  0:54  Probe  
  18  1:02  Probe  
  18  1:10  Probe  
  20  1:23  Nexus  
  20  1:34  Cybernetics Core  
  20  1:41  Assimilator  
  20  1:42  Probe  
  21  1:51  Pylon  
  21  1:54  Probe  
  21  2:00  Stalker  
  22  2:06  Probe  
  23  2:13  Warp Gate  
  25  2:18  Probe  
  26  2:23  Twilight Council  
  26  2:31  Probe  
  26  2:32  Adept  
  27  2:38  Probe  
  27  2:43  Probe  
  30  2:50  Probe  
  31  2:55  Probe, Gateway  
  32  3:02  Probe  
  32  3:03  Adept  
  35  3:07  Probe  
  36  3:14  Probe  
  36  3:19  Probe  
  38  3:21  Dark Shrine  
  38  3:23  Probe  
  39  3:31  Probe  
  39  3:33  Probe  
  40  3:38  Robotics Facility  
  41  3:43  Probe x2  
  41  3:47  Pylon  
  41  3:48  Blink  
  43  3:55  Probe x2  
  45  3:58  Pylon  
  45  3:59  Shield Battery  
  45  4:07  Probe  
  46  4:11  Assimilator  
  46  4:14  Warp Prism, Assimilator, Pylon  
  46  4:18  Probe  
  46  4:21  Probe  
  48  4:30  Shield Battery, Probe  
  51  4:33  Probe, Pylon  
  51  4:36  Dark Templar  
  54  4:40  Dark Templar  
  54  4:42  Probe  
  57  4:49  Probe  
  56  5:05  Probe  
  57  5:14  Gateway  
  57  5:15  Gateway  
  57  5:18  Nexus  
  57  5:19  Observer, Pylon  
  57  5:20  Gateway  
  57  5:23  Gateway  
  57  5:27  Templar Archives  
  58  5:32  Pylon  
  58  5:34  Sentry  
  58  5:35  Observer  
  60  5:39  Probe  
  60  5:40  Charge, Pylon  
  62  5:44  Sentry  
  62  5:49  Probe  
  65  5:50  Immortal  
  65  5:52  Probe  
  66  6:05  Stalker  
  66  6:08  Probe  
  66  6:11  Probe  
  70  6:18  Adept x2  
  74  6:19  Zealot x2  
  74  6:20  Probe  
  74  6:21  Stalker  
  74  6:23  Probe  
  82  6:31  Probe, Pylon  
  82  6:32  Probe  
  84  6:34  Stalker  
  84  6:35  Probe  
  84  6:39  Immortal  
  91  6:40  Sentry x2  
  91  6:46  Adept x2  
  99  6:49  Adept  
  101  6:57  Pylon  
  99  7:03  Adept x3  
  103  7:12  Adept x3  
  99  7:18  Resonating Glaives  
  89  7:26  Probe, Psionic Storm  
  89  7:27  Probe  
  89  7:28  Probe  
  89  7:29  Assimilator  
  92  7:33  Assimilator, Zealot x4  
  100  7:38  Probe  
  100  7:40  Forge  
  100  7:41  Forge  
  101  7:46  High Templar  
  101  7:47  Probe  
  101  7:48  Probe  
  105  7:57  High Templar  
  105  7:58  Zealot x4  
  111  8:01  Protoss Ground Weapons Level 1  
  111  8:05  Gateway  
  115  8:06  Observer  
  115  8:07  Gateway  
  115  8:21  Protoss Ground Armor Level 1  
  115  8:24  High Templar  
  115  8:25  Zealot x4  
  119  8:32  Warp Prism  
  121  8:38  Pylon  
  121  8:42  Adept  
  121  8:46  Adept  
  125  8:49  Pylon  
  125  8:52  Photon Cannon  
  125  8:56  Adept x4  
  125  8:58  Pylon  
  133  9:08  Immortal, High Templar, Photon Cannon  
  139  9:10  High Templar  
  141  9:18  High Templar  
  141  9:19  Stalker x3  
  149  9:24  Pylon  
  149  9:26  Pylon  
  143  9:44  Adept x3, Nexus  
  143  9:46  Adept, Pylon  
  143  9:48  Pylon  
  142  10:06  Zealot x3  
  142  10:07  Zealot x3  
  142  10:18  Observer, Protoss Ground Weapons Level 2, Protoss Ground Armor Level 2  
  112  10:26  High Templar x2  
  112  10:27  Zealot x6  
  114  10:33  Probe x3  
  113  10:39  Robotics Bay  
  107  10:49  Zealot x2  
  112  10:52  Zealot  
  112  10:54  Zealot  
  115  10:57  High Templar  
  115  10:58  High Templar  
  115  10:59  Assimilator, High Templar  
  115  11:00  High Templar  
  123  11:04  Assimilator  
  123  11:09  Zealot  
  123  11:10  Zealot  
  119  11:32  Stalker x4  
  121  11:33  Stalker x2  
  121  11:39  Archon  
  117  11:41  High Templar x2  
  105  12:00  Zealot x4  
  105  12:01  Zealot x2  
  105  12:15  Zealot x2  
  105  12:20  Immortal  
  111  12:25  Archon  
  104  12:35  High Templar x2  
  100  12:39  Zealot x5  
  100  12:40  Zealot  
  100  12:42  Protoss Ground Weapons Level 3  
  100  12:43  Protoss Ground Armor Level 3  
  110  12:49  Colossus  
  104  12:52  Archon  
  104  13:03  Stalker x4  
  104  13:04  Stalker x2  
  109  13:21  High Templar x2  
  109  13:24  Nexus  
  109  13:26  Extended Thermal Lance, Nexus  
  113  13:30  Pylon  
  113  13:32  Colossus  
  113  13:39  Pylon  
  113  13:42  Pylon  
  113  13:46  Dark Templar x2  
  123  13:53  Stalker x4  
  131  13:58  Sentry  
  131  13:59  Zealot  
  135  14:10  Photon Cannon  
  135  14:11  Photon Cannon  
  134  14:19  Immortal  
  138  14:33  High Templar  
  138  14:35  Photon Cannon, High Templar, Dark Templar  
  138  14:37  Probe x2, Photon Cannon  
  146  14:39  Photon Cannon  
  144  14:56  Immortal  
  146  15:02  Stalker x3  
  146  15:03  Stalker x2  
  156  15:33  Stalker x2  
  156  15:34  Stalker x4  
  164  15:39  Immortal  
  168  15:47  Stalker x2  
  172  16:00  Stalker x2  
  172  16:01  Stalker x3  
  178  16:08  Assimilator  
  178  16:12  Assimilator  
  178  16:15  Pylon  
  178  16:18  Pylon  
  178  16:24  Archon  
  178  16:25  Zealot x6  
  158  16:26  Zealot x2  
  118  16:37  Colossus  
  80  16:47  Stalker x4  
  80  16:49  Probe  
  80  16:50  Probe  
  80  16:52  High Templar x2  
  80  16:53  High Templar  
  96  16:58  Probe  
  95  17:07  Dark Templar  
  97  17:11  Stalker, High Templar  
  101  17:17  Shield Battery  
  101  17:27  Colossus, Stalker x2, Zealot  
  101  17:28  Zealot  
  101  17:29  Probe  
  116  17:38  Sentry x2  
  118  17:53  Stalker x4  
  118  17:54  Stalker x2  
  128  18:01  Dark Templar  
  128  18:26  High Templar x3  
  109  18:27  Stalker x4  
  109  18:29  Nexus  
  117  18:46  Probe  
  117  18:47  Probe, Pylon  
  115  18:51  Pylon  
  115  19:06  Probe x2  
  115  19:07  Probe  
  94  19:10  Observer  
  94  19:11  Stalker x2  
  99  19:24  Archon  
  59  19:32  Zealot x3  
  59  19:33  Zealot  
Tags
 
Add a new tag
Caveats
  • Supply blocks, unpowered buildings, or Contaminate may cause inaccurate times.
  • Supply counts are checked every 10 seconds.